 Dungeon Crawl Stone Soup version 0.22-a0-880-gb7b0c8b (webtiles) character file.

21 tyranidshit the Skirmisher (level 2, 0/25 HPs)
             Began as a Demonspawn Abyssal Knight on July 30, 2018.
             Was a Follower of Lugonu.
             Slain by an adder (3 damage)
             ... on level 2 of the Dungeon.
             The game lasted 00:02:15 (1291 turns).

tyranidshit the Skirmisher (DsAK)                   Turns: 1291, Time: 00:02:16

Health: 0/25       AC:  3    Str: 12    XL:     2   Next: 62%
Magic:  3/3        EV: 11    Int: 13    God:    Lugonu [*.....]
Gold:   70         SH:  0    Dex: 12    Spells: 1/1 levels left

rFire    . . .     SeeInvis .   a - +1 hand axe
rCold    . . .     Gourm    .   (no shield)
rNeg     . . .     Faith    .   b - +0 leather armour
rPois    .         Spirit   .   (no helmet)
rElec    .         Reflect  .   (no cloak)
rCorr    .         Harm     .   (no gloves)
MR       +....                  (no boots)
Stlth    +.........             (no amulet)
HPRegen  0.08/turn              d - ring of protection from magic
MPRegen  0.08/turn              (no ring)

@: lethally poisoned (0 -> -6)
A: claws 1
a: Depart the Abyss, Renounce Religion


You were on level 2 of the Dungeon.
You worshipped Lugonu.
Lugonu was aware of your devotion.
You were not hungry.

You visited 1 branch of the dungeon, and saw 2 of its levels.
You visited the Abyss 1 time.

You collected 70 gold pieces.

Inventory:

Hand Weapons
 a - a +1 hand axe (weapon)
Armour
 b - a +0 leather armour (worn)
Jewellery
 d - a ring of protection from magic (left claw)
Comestibles
 c - a ration


   Skills:
 + Level 3.9 Fighting
 - Level 1.7 Axes
 - Level 1.7 Armour
 - Level 1.1 Dodging
 - Level 2.4 Invocations


You had one spell level left.
You didn't know any spells.
Your spell library was empty.

Dungeon Overview and Level Annotations

Branches:
Dungeon (2/15)

Altars:
Okawaru


Innate Abilities, Weirdness & Mutations

You have sharp fingernails.


Message History

Unknown command.
c - a ration
Found 8 gold pieces.
e - a scroll labeled ZAJAIBLUAN
As you read the scroll labeled ZAJAIBLUAN, it crumbles to dust.
You feel strangely unstable.
It was a scroll of teleportation.
Your surroundings suddenly seem different.
The adder bites you but does no damage.
An adder comes into view.
The adder bites you but does no damage. The adder closely misses you.
You miss the adder. The adder barely misses you.
You closely miss the adder. The adder completely misses you.
The adder bites you.
* * * LOW HITPOINT WARNING * * *
You are lethally poisoned!
The adder poisons you!
You closely miss the adder.
* * * LOW HITPOINT WARNING * * *
You feel sick. The adder bites you.
You die...

#.#######
.......S#
#@# #.#
#.# #.#
#.# #.#
#.# ...


You could see an adder.

Vanquished Creatures
  An adder (D:2)
  A worm (D:2)
  A goblin (D:1)
  A quokka (D:1)
  3 bats (D:1)
  2 kobolds (D:1)
  2 rats (D:2)
11 creatures vanquished.

Notes
Turn   | Place    | Note
-------+----------+-------------------------------------------
     0 | Abyss:1  | tyranidshit the Demonspawn Abyssal Knight began the quest for the Orb.
     0 | Abyss:1  | Reached XP level 1. HP: 18/18 MP: 2/2
    38 | Abyss:1  | Noticed a large abomination
    57 | D:1      | Escaped the Abyss
   156 | D:1      | Reached skill level 1 in Dodging
   212 | D:1      | Reached * piety under Lugonu
   280 | D:1      | Found an iron altar of Okawaru.
   917 | D:1      | Gained mutation: You have sharp fingernails. [demonic ancestry]
   917 | D:1      | Reached XP level 2. HP: 5/24 MP: 3/3
  1291 | D:2      | Slain by an adder

Vault maps used:
D:1:      ncdulo_watergridlock, okawaru_ov_weapons_minmay
D:2:      nicolae_overflow_hidden_temple, chequers_ecumenical_altar_simple
Abyss:1:  kilobyte_mutagenic_chamber

Skill      XL: |  1 |
---------------+----+-----
Dodging        | 1 |  1.1
Fighting       | |  3.9
Axes           | |  1.7
Armour         | |  1.7
Invocations    | |  2.4

Action                   || total
-------------------------++-------
Melee: Hand axe          ||    46
Invok: Depart the Abyss  ||     1
  Use: Potion            ||     2
       Scroll            ||     1
  Eat: Ration            ||     1
Armor: Leather armour    ||    12
Dodge: Dodged            ||    29

Table legend:
 A = Spawn XP
 B = Non-spawn XP
 C = Spawn XP percentage of total XP
 D = Spawn monster count
 E = Non-spawn monster count
 F = Spawn count percentage of total count
 G = Total turns spent on level
                    A         B        C        D         E        F      G
               +---------+---------+-------+---------+---------+-------+---------
         Total |       0 |      30 |   0.0 |       0 |      11 |   0.0 |  1291
               +---------+---------+-------+---------+---------+-------+---------
           D:1 |       0 |      10 |   0.0 |       0 |       7 |   0.0 |  1061
           D:2 |       0 |      20 |   0.0 |       0 |       4 |   0.0 |   173
               +---------+---------+-------+---------+---------+-------+---------
